 Dungeon Crawl Stone Soup version 0.29-a0-11-ga75d3d97ab (webtiles) character file.

Game seed: 9737942292661103069

589 testman the Ruffian (level 7, -1/72 HPs)
             Began as a Troll Monk on Jan 28, 2022.
             Was a Believer of Ashenzari.
             Slain by a steam dragon (3 damage)
             ... on level 5 of the Dungeon.
             The game lasted 00:09:06 (3477 turns).

testman the Ruffian (Troll Monk)                    Turns: 3477, Time: 00:09:07

Health: -1/72      AC:  5    Str: 22    XL:     7   Next: 15%
Magic:  6/6        EV: 10    Int:  6    God:    Ashenzari [**....]
Gold:   239        SH:  0    Dex: 12    Spells: 6/6 levels left

rFire   . . .      SeeInvis +     - Unarmed
rCold   + . .      Faith    .   (no shield)
rNeg    . . .      Spirit   .   a - +0 robe "Circumscribed Suspicion" {Range, Alch} (curse)
rPois   .          Reflect  .   (helmet restricted)
rElec   .          Harm     .   f - +0 cloak "Elysian Suspicion" {Cun, Comp} (curse)
rCorr   .          Rampage  .   (gloves unavailable)
Will    .....                   (boots unavailable)
Stlth   ++........              (no amulet)
HPRegen 1.02/turn               m - ring of the Cryptic Prison {rC+, Fort, Comp} (curse)
MPRegen 0.10/turn               (no ring)

@: no status effects
A: large, unfitting armour, claws 3, regeneration 1, shaggy fur 1, tough skin 1
a: Renounce Religion, Shatter the Chains


You were on level 5 of the Dungeon.
You worshipped Ashenzari.
Ashenzari was pleased with you.
You visited 1 branch of the dungeon, and saw 5 of its levels.

You collected 308 gold pieces.
You spent 69 gold pieces at shops.

Inventory:

Hand Weapons
 i - a +0 hunting sling
Missiles
 c - 186 stones (quivered)
 q - 6 poisoned darts
Armour
 a - the cursed +0 robe "Circumscribed Suspicion" (worn) {Range, Alch}

   It has a curse which improves the following skills: Ranged Combat: Slings,
   Bows, Crossbows and Throwing.
   Alchemy:   Poison Magic and Transmutations.
 f - the cursed +0 cloak "Elysian Suspicion" (worn) {Cun, Comp}
   (You found it on level 1 of the Dungeon)

   It has a curse which improves the following skills: Cunning: Dodging and
   Stealth.
   Companions: Summonings and Necromancy.
Jewellery
 m - the cursed ring of the Cryptic Prison (left claw) {rC+, Fort, Comp}
   (You took it off a kobold on level 3 of the Dungeon)

   [ring of protection from cold]

   rC:        It protects you from cold.
   It has a curse which improves the following skills: Fortitude: Armour and
   Shields.
   Companions: Summonings and Necromancy.
Wands
 p - a wand of flame (22)
Scrolls
 b - 3 scrolls of enchant armour
 d - 2 scrolls of identify
 e - a scroll of fear
 g - a scroll of fog
 k - 2 scrolls of enchant weapon
 l - a scroll of teleportation
 o - a scroll of holy word
Potions
 h - a potion of mutation
 j - a potion of might
 n - 2 potions of curing


   Skills:
 + Level 5.1 Fighting
 - Level 2.4(3.4) Dodging
 - Level 1.0(1.7) Stealth
 + Level 6.2 Unarmed Combat


You had 6 spell levels left.
You didn't know any spells.
Your spell library contained the following spells:

 Spells                   Type           Power      Damage    Failure   Level
 Shock                    Conj/Air       0%         1d3       45%         1
 Ensorcelled Hibernation  Hex/Ice        0%         N/A       58%         2
 Passwall                 Tmut/Erth      0%         N/A       58%         2
 Swiftness                Air            0%         N/A       83%         3
 Airstrike                Air            0%         N/A       99%         4


Dungeon Overview and Level Annotations

Branches:
Dungeon (5/15)             Temple (0/1) D:5

Altars:
Ashenzari
Fedhas
Gozag
Makhleb

Shops:
D:3 :([!?


Innate Abilities, Weirdness & Mutations

You are too large for most types of armour.
You have claws for hands.
Your natural rate of healing is unusually fast.
You are covered in fur. (AC +1)
You have tough skin. (AC +1)


Message History

You are too injured to fight recklessly!
You are too injured to fight recklessly!
You are too injured to fight recklessly!
You are too injured to fight recklessly!
You are too injured to fight recklessly!
You are too injured to fight recklessly!
You are too injured to fight recklessly!
You are too injured to fight recklessly!
You are too injured to fight recklessly!
You are too injured to fight recklessly!
You are too injured to fight recklessly!
You are too injured to fight recklessly!
You are too injured to fight recklessly!
You are too injured to fight recklessly!
You are engulfed in a cloud of scalding steam.
The steam dragon closely misses you. The steam dragon claws you.
* * * LOW HITPOINT WARNING * * *
Items here: ))) ††.
You scratch the steam dragon but do no damage.
You are engulfed in a cloud of scalding steam.
The steam dragon barely misses you. The steam dragon claws you.
* * * LOW HITPOINT WARNING * * *
You closely miss the steam dragon.
You are engulfed in a cloud of scalding steam.
* * * LOW HITPOINT WARNING * * *
The steam dragon breathes steam at you. The ball of steam hits you!
* * * LOW HITPOINT WARNING * * *
You scratch the steam dragon.
The steam dragon is lightly wounded.
You are engulfed in a cloud of scalding steam.
* * * LOW HITPOINT WARNING * * *
The steam dragon completely misses you. The steam dragon claws you.
* * * LOW HITPOINT WARNING * * *
You claw the steam dragon!
The steam dragon is severely wounded.
You are engulfed in a cloud of scalding steam.
* * * LOW HITPOINT WARNING * * *
The steam dragon bites you.
You die...

*, * * , * #., +
.+* ,. * ##. ,..*
, * #..###..* ,* .
, #.#... * ... ,
,#.§.# * ,
###..###).######.#
*
.....oD@.§.§!....#
*
###########§######
* * #.# +
#######.### ,
,+..#......# * * +
*#...##.#.# * * *
* #8##....#.# ####
*#######* #....# #
... #.....#
#...##,


You could see a steam dragon and an orc.

Vanquished Creatures
  A black bear (D:4)
  A phantom (D:4)
  A scorpion (D:5)
  The ghost of Maimakterion the Sneak, a weakling DEEn of Dithmenos (D:3)
  An orc priest (D:5)
  3 hounds (D:4)
  Jessica (D:3)
  An orc wizard (D:5)
  Robin (D:4)
  2 gnolls
  2 adders
  A white imp (D:5)
  2 ufetubi
  2 adder skeletons
  An adder zombie (D:3)
  A worm (D:2)
  A dart slug (D:1)
  4 orcs
  6 ball pythons
  8 endoplasms
  2 giant cockroaches
  13 goblins
  4 hobgoblins
  6 jackals
  7 quokkas
  4 bats
  4 frilled lizards
  9 kobolds
  9 rats
99 creatures vanquished.

Vanquished Creatures (others)
  An ufetubus (D:5)
1 creature vanquished.

Grand Total: 100 creatures vanquished

Notes
Turn   | Place    | Note
-------+----------+-------------------------------------------
     0 | D:1      | testman the Troll Monk began the quest for the Orb.
     0 | D:1      | Reached XP level 1. HP: 22/22 MP: 0/0
   202 | D:1      | Found a faded altar of an unknown god.
   205 | D:1      | Prayed at the altar of an unknown god.
   205 | D:1      | Became a worshipper of Ashenzari the Shackled
   277 | D:1      | Reached XP level 2. HP: 29/29 MP: 1/1
   449 | D:1      | Reached * piety under Ashenzari
   728 | D:1      | Reached XP level 3. HP: 35/37 MP: 2/2
  1183 | D:2      | Identified the +1 leather armour of the Thunderstorm {Fly
                  | rN+++ rCorr Int-4}
  1316 | D:2      | Reached skill level 4 in Unarmed Combat
  1641 | D:2      | Reached XP level 4. HP: 45/45 MP: 3/3
  1831 | D:3      | Found Tukuok's Book Emporium.
  1932 | D:3      | Found a runed translucent gate.
  1932 | D:3      | Found a runed translucent gate.
  1934 | D:3      | Found an opulent altar of Gozag.
  1934 | D:3      | Found a runed translucent gate.
  1937 | D:3      | Noticed Maimakterion's ghost (weakling DEEn)
  1948 | D:3      | Killed Maimakterion's ghost
  1993 | D:3      | Noticed Jessica
  1998 | D:3      | Killed Jessica
  1999 | D:3      | Reached XP level 5. HP: 54/54 MP: 4/4
  2028 | D:3      | Found Otriel's Antique Weapon Shoppe.
  2066 | D:3      | Found Juirch's Antique Armour Shop.
  2133 | D:3      | Found Gyusoli's Magic Scroll Boutique.
  2142 | D:3      | Bought a scroll of teleportation for 36 gold pieces
  2156 | D:3      | Found Kiedituo's Distillery.
  2168 | D:3      | Bought a potion of curing for 33 gold pieces
  2185 | D:3      | Found a burning altar of Makhleb.
  2186 | D:3      | Noticed a cacodemon
  2675 | D:4      | Found a blossoming altar of Fedhas.
  2678 | D:4      | Noticed a phantom
  2685 | D:4      | Killed a phantom
  2686 | D:4      | Reached skill level 5 in Unarmed Combat
  2752 | D:4      | Noticed Robin
  2787 | D:4      | Killed Robin
  2861 | D:4      | Noticed a black bear
  2873 | D:4      | Killed a black bear
  2874 | D:4      | Reached XP level 6. HP: 10/63 MP: 5/5
  3057 | D:4      | Reached ** piety under Ashenzari
  3324 | D:5      | Entered Level 5 of the Dungeon
  3405 | D:5      | Found a staircase to the Ecumenical Temple.
  3461 | D:5      | Reached skill level 6 in Unarmed Combat
  3462 | D:5      | Reached skill level 5 in Fighting
  3462 | D:5      | Reached XP level 7. HP: 45/72 MP: 6/6
  3465 | D:5      | Noticed a steam dragon
  3477 | D:5      | HP: 1/72 [steam dragon] (6)]
  3477 | D:5      | Slain by a steam dragon

Illustrated notes

Levels and vault maps discovered:
D:1:      nagdon_arrival_double_spiral, layout_loops_ring,
          shapermc_ecumenical_altar_hornbeckon, minmay_misc_feat_diagonals,
          minivault_5
D:2:      layout_basic, minmay_hexomino_u4
D:3:      layout_loops_corners, makhleb_altar_promises_db, ebering_ghost_gozag,
          serial_shops, shop, nicolae_shop_waterfront, nicolae_shop_stone, shop,
          shop, amethyst_killhole, uniq_jessica
D:4:      layout_rooms, overflow_temple_1_default, cheibrodos_gnoll_hut,
          uniq_robin
D:5:      layout_loops_cross, lemuel_mausoleum_altar_yredelemnul,
          minmay_temple_entry_ruins, minmay_misc_feat_chi, nicolae_sextant,
          hangedman_abyss_or_decor_stagger, minmay_fractal_squares_diagonal_5

Skill      XL: |  1  2  3  4  5  6 |
---------------+-------------------+-----
Fighting       | 3 4 5 |  5.1
Unarmed Combat | 4 5 6 |  6.2
Dodging        | |  2.4
Stealth        | |  1.0

Action                   |  1- 3 |  4- 6 |  7- 9 || total
-------------------------+-------+-------+-------++-------
Melee: Unarmed           |    88 |   160 |    15 ||   263
       Punch             |       |     4 |       ||     4
Invok: Curse Item        |     2 |     1 |       ||     3
 Stab: Sleeping          |     7 |     1 |       ||     8
Armor: Robe              |    26 |    66 |     5 ||    97
Dodge: Dodged            |    43 |    87 |    10 ||   140

Table legend: (Time is in decaauts)
 A = Elapsed time spent in this place.
 B = Non-inter-level travel time spent in this place.
 C = Inter-level travel time spent in this place.
 D = Time resting spent in this place.
 E = Time spent auto-exploring this place.
 F = Levels seen in this place.
 G = Mean time per level.
                   A        B        C        D        E       F      G
               +--------+--------+--------+--------+--------+-----+--------+
         Total |   3497 |   3382 |    115 |      0 |   2725 |   5 |  699.4 |
       Dungeon |   3497 |   3382 |    115 |      0 |   2725 |   5 |  699.4 |
               +--------+--------+--------+--------+--------+-----+--------+

Top non-repeatable levels by time:
     D:3: 987 daAuts
     D:1: 973 daAuts
     D:2: 748 daAuts
     D:4: 638 daAuts
     D:5: 149 daAuts
